 Dungeon Crawl Stone Soup version 0.30-a0-782-ge64f9170bb (webtiles) character file.

Game seed: 12500085389374078883

35 mopl the Grasshopper (level 3, -4/28 HPs)
             Began as a Formicid Warper on Mar 13, 2023.
             Slain by a gnoll
             ... wielding a +0 flail
              (11 damage)
             ... on level 2 of the Dungeon.
             The game lasted 00:01:23 (1114 turns).

mopl the Grasshopper (Formicid Warper)              Turns: 1114, Time: 00:01:24

Health: -4/28      AC:  5    Str: 15    XL:     3   Next: 55%
Magic:  6/6        EV: 11    Int: 14    God:
Gold:   33         SH:  0    Dex: 13    Spells: 6/6 levels left

rFire   . . .      SeeInvis +    a - +0 hand axe
rCold   . . .      Faith    .    (no shield)
rNeg    . . .      Spirit   .    j - +0 ring mail
rPois   +          Reflect  .    (helmet unavailable)
rElec   .          Harm     .    (no cloak)
rCorr   +          Rampage  .    (no gloves)
Will    .....                    (no boots)
Stlth   +                        (no amulet)
HPRegen 0.24/turn                b - ring of resist corrosion
MPRegen 0.10/turn                l - ring of poison resistance

@: no status effects
A: permanent stasis, dig shafts and tunnels, antennae 3, four strong arms
a: Dig, Shaft Self


You were on level 2 of the Dungeon.
You visited 1 branch of the dungeon, and saw 2 of its levels.

You collected 33 gold pieces.

Inventory:

Hand Weapons
 a - a +0 hand axe (weapon)
Missiles
 d - 7 boomerangs of dispersal (quivered)
Armour
 j - a +0 ring mail (worn)
 m - a +0 plate armour
 n - an orb of guile
Jewellery
 b - a ring of resist corrosion (left hand)
 l - a ring of poison resistance (right hand)
Scrolls
 c - a scroll of blinking
 e - a scroll of identify {unknown}
 f - a scroll of enchant armour {unknown}
 g - a scroll of vulnerability {unknown}
Potions
 h - a potion of flight {unknown}
 i - 2 potions of mutation {unknown}
 k - a potion of attraction {unknown}


   Skills:
 + Level 2.3 Fighting
 * Level 2.7 Axes
 - Level 1.0 Throwing
 + Level 1.7 Armour
 + Level 2.0 Dodging
 + Level 2.4 Spellcasting
 + Level 2.8 Translocations


You had 6 spell levels left.
You didn't know any spells.
Your spell library contained the following spells:

 Spells                   Type           Power      Damage    Failure   Level
 Lesser Beckoning         Tloc           18%        N/A       21%         2
 Teleport Other           Tloc           9%         N/A       38%         3
 Vhi's Electric Charge    Tloc/Air       10%        N/A       58%         3
 Manifold Assault         Tloc           9%         N/A       80%         4
 Blink                    Tloc           Unusable   N/A       N/A         2

Dungeon Overview and Level Annotations

Branches:
Dungeon (2/15)

Altars:


Innate Abilities, Weirdness & Mutations

You cannot be hasted, slowed, berserked, paralysed or teleported.
You can dig through walls and to a lower floor.
You have a pair of large antennae on your head. (SInv)
Your four strong arms can wield two-handed weapons with a shield.


Message History

The gnoll moves out of view.
Found an embroidered hat.
A rat is nearby!
A gnoll comes into view. It is wielding a +0 flail.
The gnoll shouts!
There is an open door here.
A gnoll comes into view. It is wielding a +0 flail.
You see here a +2 hat.
You barely miss the rat. Your punch misses the rat. The rat bites you.
You slash the rat!
You kill the rat!
You closely miss the gnoll. The gnoll closely misses you.
You closely miss the gnoll. The gnoll hits you with a +0 flail!
You hit the gnoll but do no damage. The gnoll barely misses you.
You hit the gnoll.
The gnoll is heavily wounded.
The gnoll hits you with a +0 flail!
You are too injured to fight recklessly!
You are too injured to fight recklessly!
You are too injured to fight recklessly!
You are too injured to fight recklessly!
You are too injured to fight recklessly!
You are too injured to fight recklessly!
You are too injured to fight recklessly!
You are too injured to fight recklessly!
You are too injured to fight recklessly!
You are too injured to fight recklessly!
You are too injured to fight recklessly!
You are too injured to fight recklessly!
You are too injured to fight recklessly!
You are too injured to fight recklessly!
You are too injured to fight recklessly!
The gnoll attacks as you move away! The gnoll hits you with a +0 flail.
* * * LOW HITPOINT WARNING * * *
There is an open door here.
Are you sure you want to shaft yourself?
The gnoll completely misses you.
You begin to dig a shaft.
You continue digging a shaft.
The gnoll hits you with a +0 flail!
You die...

####################
....................
#.......######.##
.########.......# #.#
.....ggg@.......######.#
#...#####...†...##.8.8.#
# #.......##.....#
#.......#..P)..#
#...##......††.#
#...##........##
#...##........###
#...##...........
#...##...........


You could see 3 gnolls.

Vanquished Creatures
  A worm (D:2)
  A bat (D:1)
  6 endoplasms
  3 hobgoblins (D:1)
  3 kobolds (D:1)
  2 quokkas (D:1)
  3 ball pythons (D:1)
  A frilled lizard (D:2)
  4 goblins
  5 rats
29 creatures vanquished.

Vanquished Creatures (others)
  2 withered plants (D:2)
2 creatures vanquished.

Grand Total: 31 creatures vanquished

Notes
Turn   | Place    | Note
-------+----------+-------------------------------------------
     0 | D:1      | mopl the Formicid Warper began the quest for the Orb.
     0 | D:1      | Reached XP level 1. HP: 16/16 MP: 3/3
   143 | D:1      | Reached XP level 2. HP: 8/22 MP: 5/5
   813 | D:1      | Reached XP level 3. HP: 26/28 MP: 6/6
  1063 | D:2      | Reached skill level 2 in Dodging
  1114 | D:2      | Slain by a gnoll

Illustrated notes

Levels and vault maps discovered:
D:1:      dpeg_arrival_shelter, layout_basic
D:2:      layout_basic, serial_undead, serial_undead_e, serial_undead_d,
          serial_undead_c, serial_undead_b, serial_undead_d, serial_undead_a

Skill      XL: |  1  2  3 |
---------------+----------+-----
Dodging        | 2 |  2.0
Fighting       | |  2.3
Axes           | |  2.7
Throwing       | |  1.0
Armour         | |  1.7
Spellcasting   | |  2.4
Translocations | |  2.8

Action                     || total
---------------------------++-------
  Melee: Hand axe          ||   115
Ability: Shaft Self        ||     1
 Armour: Leather armour    ||    15
         Ring mail         ||    18
  Dodge: Dodged            ||    61

Table legend: (Time is in decaauts)
 A = Elapsed time spent in this place.
 B = Non-inter-level travel time spent in this place.
 C = Inter-level travel time spent in this place.
 D = Time resting spent in this place.
 E = Time spent auto-exploring this place.
 F = Levels seen in this place.
 G = Mean time per level.
                   A        B        C        D        E       F      G
               +--------+--------+--------+--------+--------+-----+--------+
         Total |   1133 |   1115 |     18 |    173 |    682 |   2 |  566.5 |
       Dungeon |   1133 |   1115 |     18 |    173 |    682 |   2 |  566.5 |
               +--------+--------+--------+--------+--------+-----+--------+

Top non-repeatable levels by time:
     D:1: 1041 daAuts
     D:2: 92 daAuts
